TOP OF THE 1ST |
---|
Grand Rapids HS Summit batting - Pitching for Tacoma HS Torchmen : RHP Clay Pryor | Pitching: RHP Clay Pryor | | Batting: RHB Rob Walker | 0-0: Ball 1-0: Called Strike 1-1: Fly out, F7 (Flyball, 7LD) | Batting: RHB Julián Maez | 0-0: Called Strike 0-1: Ball 1-1: Swinging Strike 1-2: Strikes out swinging | Batting: LHB Daniel Orozco | 0-0: Swinging Strike 0-1: Swinging Strike 0-2: Foul Ball, location: 2F 0-2: Ball 1-2: Strikes out swinging | Top of the 1st over - 0 runs, 0 hits, 0 errors, 0 left on base; Grand Rapids HS 0 - Tacoma HS 0 | BOTTOM OF THE 1ST |
---|
Tacoma HS Torchmen batting - Pitching for Grand Rapids HS Summit : LHP Fernando Ávila | Pitching: LHP Fernando Ávila | | Batting: LHB John Bell | 0-0: Ball 1-0: Ball 2-0: Called Strike 2-1: Called Strike 2-2: Strikes out swinging | Batting: RHB David Carter | 0-0: Swinging Strike 0-1: Ball 1-1: Ball 2-1: Foul Ball, location: 2F 2-2: SINGLE (Flyball, 9LS) | Batting: RHB Jim Lipscomb | 0-0: Called Strike 0-1: Called Strike 0-2: Strikes out swinging | Batting: RHB Bruce Cooper | 0-0: Called Strike 0-1: Ball 1-1: Foul Ball, location: 2F 1-2: Strikes out swinging | Bottom of the 1st over - 0 runs, 1 hit, 0 errors, 1 left on base; Grand Rapids HS 0 - Tacoma HS 0 | TOP OF THE 2ND |
---|
Grand Rapids HS Summit batting - Pitching for Tacoma HS Torchmen : RHP Clay Pryor | Batting: RHB Harry Wade | 0-0: Fly out, F9 (Line Drive, 9D) | Batting: RHB Tyler Long | 0-0: SINGLE (Flyball, 89M) | Batting: LHB Martin Greene | 0-0: Ball 1-0: SINGLE (Groundball, 3) (infield hit) Tyler Long to second | Batting: LHB Harry Adams | 0-0: Ball 1-0: Foul Ball, location: 2F 1-1: Ball 2-1: Ball 3-1: Ground out 6-3 (Groundball, 6S) Tyler Long to third Martin Greene to second | Batting: RHB José González | 0-0: Reached on error, E5 (Groundball, 5L) Tyler Long scores Martin Greene to third | Batting: RHB Tom Maynard | 0-0: Called Strike 0-1: Fly out, F8 (Flyball, 78M) | Top of the 2nd over - 1 run, 2 hits, 1 error, 2 left on base; Grand Rapids HS 1 - Tacoma HS 0 | BOTTOM OF THE 2ND |
---|
Tacoma HS Torchmen batting - Pitching for Grand Rapids HS Summit : LHP Fernando Ávila | Batting: SHB Jimmy Mayer | 0-0: Ball 1-0: Ball 2-0: Called Strike 2-1: Foul Ball, location: 2F 2-2: Ball 3-2: Strikes out swinging | Batting: LHB Joseph Wood | 0-0: Called Strike 0-1: Swinging Strike 0-2: Ball 1-2: Strikes out swinging | Batting: LHB Ben Underwood | 0-0: Ball 1-0: Foul Ball, location: 2F 1-1: Ball 2-1: Swinging Strike 2-2: Strikes out swinging | Bottom of the 2nd over - 0 runs, 0 hits, 0 errors, 0 left on base; Grand Rapids HS 1 - Tacoma HS 0 | TOP OF THE 3RD |
---|
Grand Rapids HS Summit batting - Pitching for Tacoma HS Torchmen : RHP Clay Pryor | Batting: RHB Rob Walker | 0-0: Ball 1-0: Called Strike 1-1: Ball 2-1: Swinging Strike 2-2: Ball 3-2: Foul Ball, location: 2F 3-2: Strikes out swinging | Batting: RHB Julián Maez | 0-0: Ball 1-0: Foul Ball, location: 2F 1-1: Ball 2-1: Foul Ball, location: 2F 2-2: Strikes out swinging | Batting: LHB Daniel Orozco | 0-0: Ball 1-0: Ground out U3 (Groundball, 34) | Top of the 3rd over - 0 runs, 0 hits, 0 errors, 0 left on base; Grand Rapids HS 1 - Tacoma HS 0 | BOTTOM OF THE 3RD |
---|
Tacoma HS Torchmen batting - Pitching for Grand Rapids HS Summit : LHP Fernando Ávila | Batting: RHB Bill Cross | 0-0: Ball 1-0: Ball 2-0: SINGLE (Line Drive, 78S) | Batting: LHB Phil Marshall | 0-0: Ball 1-0: Ball 2-0: Ball 3-0: Base on Balls Bill Cross to second | Batting: LHB John Bell | 0-0: Ball 1-0: Called Strike 1-1: Ball Passed Ball! Bill Cross to third Phil Marshall to second 2-1: Ground out 6-3 (Groundball, 6) Bill Cross scores | Batting: RHB David Carter | 0-0: SINGLE (Groundball, 56D) Phil Marshall to third Runner from 3rd tries for Home, SAFE, throw made home | Batting: RHB Jim Lipscomb | 0-0: Called Strike 0-1: Called Strike 0-2: Ball 1-2: Foul Ball, location: 2F 1-2: SINGLE (Line Drive, 9LS) David Carter to second | Batting: RHB Bruce Cooper | 0-0: Called Strike 0-1: DOUBLE (Flyball, 89D) David Carter scores Jim Lipscomb to third Runner from 3rd tries for Home, SAFE, no throw | Batting: SHB Jimmy Mayer | 0-0: Ground out 5-3 (Groundball, 56S) Bruce Cooper to third | Batting: LHB Joseph Wood | 0-0: Called Strike 0-1: Fly out, F7 (Flyball, 7D) | Bottom of the 3rd over - 4 runs, 4 hits, 0 errors, 1 left on base; Grand Rapids HS 1 - Tacoma HS 4 | TOP OF THE 4TH |
---|
Grand Rapids HS Summit batting - Pitching for Tacoma HS Torchmen : RHP Clay Pryor | Batting: RHB Harry Wade | 0-0: Swinging Strike 0-1: Swinging Strike 0-2: Strikes out swinging | Batting: RHB Tyler Long | 0-0: Ball 1-0: Called Strike 1-1: Foul Ball, location: 2F 1-2: Strikes out swinging | Batting: LHB Martin Greene | 0-0: Ball 1-0: Ball 2-0: Fly out, F3 (Line Drive, 3S) | Top of the 4th over - 0 runs, 0 hits, 0 errors, 0 left on base; Grand Rapids HS 1 - Tacoma HS 4 | BOTTOM OF THE 4TH |
---|
Tacoma HS Torchmen batting - Pitching for Grand Rapids HS Summit : LHP Fernando Ávila | Batting: LHB Ben Underwood | 0-0: Fly out, F9 (Flyball, 89M) | Batting: RHB Bill Cross | 0-0: Called Strike 0-1: Ball 1-1: DOUBLE (Line Drive, 78D) | Batting: LHB Phil Marshall | 0-0: Ball 1-0: Foul Ball, location: 2F 1-1: Ball 2-1: DOUBLE (Line Drive, 8LD) Bill Cross scores | Batting: LHB John Bell | 0-0: Foul Ball, location: 2F 0-1: Ground out U3 (Groundball, 3) Phil Marshall to third | Batting: RHB David Carter | 0-0: Swinging Strike 0-1: DOUBLE (Line Drive, 7LD) Phil Marshall scores | Batting: RHB Jim Lipscomb | 0-0: Called Strike 0-1: Ball 1-1: Foul Ball, location: 2F 1-2: Ball 2-2: Foul Ball, location: 2F 2-2: Strikes out looking | Bottom of the 4th over - 2 runs, 3 hits, 0 errors, 1 left on base; Grand Rapids HS 1 - Tacoma HS 6 | TOP OF THE 5TH |
---|
Grand Rapids HS Summit batting - Pitching for Tacoma HS Torchmen : RHP Clay Pryor | Batting: LHB Harry Adams | 0-0: Ball 1-0: Called Strike 1-1: Ball 2-1: Called Strike 2-2: Ground out U3 (Groundball, 3) | Batting: RHB José González | 0-0: Called Strike 0-1: Called Strike 0-2: Ground out 5-3 (Groundball, 56S) | Batting: RHB Tom Maynard | 0-0: Ball 1-0: Ground out 1-3 (Groundball, 13S) | Top of the 5th over - 0 runs, 0 hits, 0 errors, 0 left on base; Grand Rapids HS 1 - Tacoma HS 6 | BOTTOM OF THE 5TH |
---|
Tacoma HS Torchmen batting - Pitching for Grand Rapids HS Summit : LHP Fernando Ávila | Pitching: RHP Fernando González | | Batting: RHB Bruce Cooper | 0-0: Ball 1-0: Called Strike 1-1: Ball 2-1: Ball 3-1: Foul Ball, location: 2F 3-2: DOUBLE (Flyball, 78XD) | Batting: SHB Jimmy Mayer | 0-0: Fly out, F4 (Popup, 4MD) | Batting: LHB Joseph Wood | 0-0: Ball 1-0: Fly out, F9 (Flyball, 9LMF) | Batting: LHB Ben Underwood | 0-0: SINGLE (Groundball, 56) (infield hit) Bruce Cooper to third | Batting: RHB Bill Cross | 0-0: Ball 1-0: Ball 2-0: Called Strike 2-1: Foul Ball, location: 2F 2-2: Foul Ball, location: 2F 2-2: Strikes out swinging | Bottom of the 5th over - 0 runs, 2 hits, 0 errors, 2 left on base; Grand Rapids HS 1 - Tacoma HS 6 | TOP OF THE 6TH |
---|
Grand Rapids HS Summit batting - Pitching for Tacoma HS Torchmen : RHP Clay Pryor | Batting: RHB Rob Walker | 0-0: Fly out, F7 (Flyball, 7LM) | Batting: RHB Julián Maez | 0-0: Ball 1-0: Ball 2-0: Foul Ball, location: 2F 2-1: Ball 3-1: SINGLE (Groundball, 6M) (infield hit) | Batting: LHB Daniel Orozco | 0-0: Called Strike 0-1: Ball 1-1: Foul Ball, location: 2F 1-2: Strikes out swinging | Batting: RHB Harry Wade | 0-0: Ball 1-0: TRIPLE (Flyball, 89XD) Julián Maez scores | Batting: RHB Tyler Long | 0-0: Foul Ball, location: 2F 0-1: Called Strike 0-2: Foul Ball, location: 2F 0-2: Ball 1-2: Ball 2-2: Strikes out swinging | Top of the 6th over - 1 run, 2 hits, 0 errors, 1 left on base; Grand Rapids HS 2 - Tacoma HS 6 | BOTTOM OF THE 6TH |
---|
Tacoma HS Torchmen batting - Pitching for Grand Rapids HS Summit : RHP Fernando González | Batting: LHB Phil Marshall | 0-0: Ball 1-0: Reached on error, E8 (Flyball, 8LM) | Batting: LHB John Bell | 0-0: Ball Wild Pitch! Phil Marshall to second 1-0: Called Strike 1-1: SINGLE (Flyball, 8RS) Phil Marshall to third Throwing error, E8 Phil Marshall scores John Bell to second | Batting: RHB David Carter | 0-0: Ball 1-0: Fly out, F5 (Popup, 5SF) | Batting: RHB Jim Lipscomb | 0-0: Foul Ball, location: 2F 0-1: Foul Ball, location: 2F 0-2: Ball 1-2: DOUBLE (Line Drive, 89D) John Bell scores | Batting: RHB Bruce Cooper | 0-0: Swinging Strike 0-1: Fly out, F9 (Flyball, 9S) | Batting: SHB Jimmy Mayer | 0-0: Ball 1-0: Called Strike 1-1: Foul Ball, location: 2F 1-2: Ball 2-2: Ball 3-2: Base on Balls | Batting: LHB Joseph Wood | 0-0: Ball 1-0: SINGLE (Flyball, 7LS) Jim Lipscomb to third Jimmy Mayer to second Runner from 3rd tries for Home, SAFE, throw made home | Batting: LHB Ben Underwood | 0-0: Ball 1-0: Swinging Strike 1-1: Swinging Strike 1-2: Strikes out swinging | Bottom of the 6th over - 3 runs, 3 hits, 2 errors, 2 left on base; Grand Rapids HS 2 - Tacoma HS 9 | TOP OF THE 7TH |
---|
Grand Rapids HS Summit batting - Pitching for Tacoma HS Torchmen : RHP Clay Pryor | Batting: LHB Martin Greene | 0-0: Ball 1-0: Ball 2-0: Called Strike 2-1: Ball 3-1: Base on Balls | Pitching: LHP Bob Lynch | | Batting: LHB Harry Adams | 0-0: Ball 1-0: SINGLE (Flyball, 78M) Martin Greene to second | Batting: RHB José González | 0-0: Swinging Strike 0-1: Ball 1-1: Called Strike 1-2: Ball 2-2: Ball Wild Pitch! Martin Greene to third Harry Adams to second 3-2: SINGLE (Flyball, 89S) Martin Greene scores Harry Adams to third | Batting: RHB Tom Maynard | 0-0: Ball 1-0: Called Strike 1-1: Grounds into double play, 5-4-3 (Groundball, 56) Harry Adams scores | Batting: RHB Rob Walker | 0-0: Ball 1-0: Called Strike 1-1: Ball 2-1: Called Strike 2-2: Foul Ball, location: 2F 2-2: Ball 3-2: Base on Balls | Batting: RHB Julián Maez | 0-0: Ball 1-0: SINGLE (Flyball, 56D) Rob Walker to second | Batting: LHB Daniel Orozco | 0-0: Ball 1-0: Called Strike 1-1: Fly out, F9 (Line Drive, 9) | Top of the 7th over - 2 runs, 3 hits, 0 errors, 2 left on base; Grand Rapids HS 4 - Tacoma HS 9 | BOTTOM OF THE 7TH |
---|
Tacoma HS Torchmen batting - Pitching for Grand Rapids HS Summit : RHP Fernando González | Batting: RHB Bill Cross | 0-0: Foul Ball, location: 2F 0-1: Foul Ball, location: 2F 0-2: Foul Ball, location: 2F 0-2: Ball 1-2: Foul Ball, location: 2F 1-2: Hit by Pitch | Batting: LHB Phil Marshall | 0-0: Foul Ball, location: 2F 0-1: Reaches on Catchers interference Bill Cross to second | Batting: LHB John Bell | 0-0: Fly out, F4 (Popup, 34D) | Batting: RHB David Carter | 0-0: Ball 1-0: Ball 2-0: Ball 3-0: Base on Balls Bill Cross to third Phil Marshall to second | Pitching: RHP Robert Turner | | Batting: RHB Jim Lipscomb | 0-0: Ball 1-0: SINGLE (Line Drive, 89S) Bill Cross scores Phil Marshall to third David Carter to second | Batting: RHB Bruce Cooper | 0-0: Foul Ball, location: 2F 0-1: Ball 1-1: Foul Ball, location: 2F 1-2: Foul Ball, location: 2F 1-2: Ball 2-2: SINGLE (Groundball, 6MD) Phil Marshall scores David Carter to third Jim Lipscomb to second | Pitching: RHP Preston Holman | | Batting: SHB Jimmy Mayer | 0-0: Ball 1-0: Called Strike 1-1: Foul Ball, location: 2F 1-2: Foul Ball, location: 2F 1-2: Ball 2-2: Foul Ball, location: 2F 2-2: Ball Passed Ball! David Carter scores Jim Lipscomb to third Bruce Cooper to second 3-2: Fly out, F8 (Flyball, 89M) Runner from 3rd tags up, SCORES, throw made | Batting: LHB Joseph Wood | 0-0: Ball 1-0: Foul Ball, location: 2F 1-1: Foul Ball, location: 2F 1-2: Foul Ball, location: 2F 1-2: Ball 2-2: Strikes out swinging | Bottom of the 7th over - 4 runs, 2 hits, 1 error, 1 left on base; Grand Rapids HS 4 - Tacoma HS 13 | TOP OF THE 8TH |
---|
Grand Rapids HS Summit batting - Pitching for Tacoma HS Torchmen : LHP Bob Lynch | Batting: RHB Harry Wade | 0-0: Called Strike 0-1: Foul Ball, location: 2F 0-2: Ball 1-2: Strikes out swinging | Batting: RHB Tyler Long | 0-0: Ball 1-0: Foul Ball, location: 2F 1-1: Swinging Strike 1-2: Foul Ball, location: 2F 1-2: Strikes out swinging | Batting: LHB Martin Greene | 0-0: Ball 1-0: Ball 2-0: Ball 3-0: Base on Balls | Batting: LHB Harry Adams | 0-0: Ball 1-0: Fly out, F8 (Flyball, 8LS) | Top of the 8th over - 0 runs, 0 hits, 0 errors, 1 left on base; Grand Rapids HS 4 - Tacoma HS 13 | BOTTOM OF THE 8TH |
---|
Tacoma HS Torchmen batting - Pitching for Grand Rapids HS Summit : RHP Preston Holman | Batting: LHB Ben Underwood | 0-0: Ball 1-0: Called Strike 1-1: Ball 2-1: Fly out, F8 (Flyball, 8RS) | Batting: RHB Bill Cross | 0-0: Called Strike 0-1: Reached on error, E3 (Groundball, 34) | Batting: LHB Phil Marshall | 0-0: Ball 1-0: Ball 2-0: Ball 3-0: Called Strike 3-1: Swinging Strike 3-2: Base on Balls Bill Cross to second | Batting: LHB John Bell | 0-0: Ball 1-0: Called Strike 1-1: SINGLE (Groundball, 4MD) Bill Cross to third Phil Marshall to second | Batting: RHB David Carter | 0-0: Ball 1-0: Ball 2-0: Foul Ball, location: 2F 2-1: GRAND SLAM HOME RUN (Line Drive, 78XD), Distance : 407 ft | Batting: RHB Jim Lipscomb | 0-0: Ground out 5-3 (Groundball, 5) | Batting: RHB Bruce Cooper | 0-0: Called Strike 0-1: Swinging Strike 0-2: Strikes out swinging | Bottom of the 8th over - 4 runs, 2 hits, 1 error, 0 left on base; Grand Rapids HS 4 - Tacoma HS 17 | TOP OF THE 9TH |
---|
Grand Rapids HS Summit batting - Pitching for Tacoma HS Torchmen : LHP Bob Lynch | Batting: RHB José González | 0-0: Ground out 4-3 (Groundball, 4S) | Batting: RHB Tom Maynard | 0-0: Ball 1-0: Foul Ball, location: 2F 1-1: Called Strike 1-2: Ball 2-2: Foul Ball, location: 2F 2-2: Ball 3-2: Strikes out swinging | Batting: RHB Rob Walker | 0-0: Called Strike 0-1: SINGLE (Line Drive, 8LS) | Batting: RHB Julián Maez | 0-0: Foul Ball, location: 2F 0-1: Called Strike 0-2: Ball 1-2: Ball 2-2: Ball 3-2: SINGLE (Groundball, 6MD) Rob Walker to second Rob Walker to third | Batting: LHB Daniel Orozco | 0-0: Called Strike 0-1: Ball 1-1: Called Strike 1-2: Strikes out looking | Top of the 9th over - 0 runs, 2 hits, 0 errors, 2 left on base; Grand Rapids HS 4 - Tacoma HS 17 | |